 Dungeon Sprint DCSS version 0.29-a0-194-g6e3aafee17 (webtiles) character file.

Game seed: 3692788936060191217

1185 Zeldest the Arsonist (level 7, -3/66 HPs)
             Began as a Demigod Fire Elementalist on Feb 23, 2022.
             Slain by a death scarab (25 damage)
             ... in the Dungeon (Sprint V: "Ziggurat Sprint").
             The game lasted 00:03:56 (141 turns).

Zeldest the Arsonist (Demigod Fire Elementalist)     Turns: 141, Time: 00:03:57

Health: -3/66      AC: 13    Str: 13    XL:     7   Next: 99%
Magic:  5/18       EV:  9    Int: 27    God:
Gold:   0          SH:  0    Dex: 14    Spells: 4/9 levels left

rFire   + + .      SeeInvis .   C - +6 Majin-Bo {vamp, MP+6 Int+6}
rCold   x . .      Faith    .   (shield currently unavailable)
rNeg    . . .      Spirit   .   h - +5 fire dragon scales
rPois   .          Reflect  .   (no helmet)
rElec   .          Harm     .   (no cloak)
rCorr   .          Rampage  .   (no gloves)
Will    .....      NoTele   +   (no boots)
Stlth   ..........              (no amulet)
HPRegen 0.21/turn               (no ring)
MPRegen 0.16/turn               (no ring)

@: slowed, very slow
A: high MP 1, forlorn, divine attributes
a: no special abilities


You were in the Dungeon.
You visited 1 branch

Inventory:

Hand Weapons
 C - the +6 Majin-Bo (weapon) {vamp, MP+6 Int+6}
   (You found it in the Dungeon)

   It occasionally heals its wielder for a portion of the damage dealt when they
   wound a living foe with it or with a spell.
   Its wielder's spells cost health as well as magical power.
   Int:       It affects your intelligence (+6).
   MP:        It affects your magic capacity (+6).
 E - the +11 dagger "Daeh" {vamp, +Blink rPois}
   (You found it in the Dungeon)

   It occasionally heals its wielder for a portion of the damage dealt when it
   wounds a living foe.
   rPois:     It protects you from poison.
   +Blink:    It lets you blink.
Armour
 a - a +0 robe
 h - +5 fire dragon scales (worn)
Jewellery
 v - a ring of flight
 w - a +6 ring of dexterity
 x - a +6 ring of dexterity
 y - a +6 ring of intelligence
 z - a +6 ring of intelligence
 A - a +6 ring of strength
 B - a +6 ring of strength
Wands
 s - a wand of mindburst (7)
 t - a wand of iceblast (5)
 u - a wand of acid (4)
Scrolls
 g - 3 scrolls of blinking
 n - 4 scrolls of amnesia
 o - 7 scrolls of fog
 p - a scroll of holy word
 q - 5 scrolls of identify
 r - 2 scrolls of fear
Potions
 b - 8 potions of curing
 c - 7 potions of heal wounds
 d - 6 potions of haste
 e - 7 potions of magic
 f - 3 potions of berserk rage
 i - 2 potions of brilliance
 j - 2 potions of invisibility
 k - 4 potions of resistance
 m - 5 potions of might
Miscellaneous
 l - a lightning rod (4/4)
 D - a condenser vane
 F - a condenser vane
 G - a box of beasts


   Skills:
 + Level 7.5 Fighting
 + Level 1.4 Armour
 - Level 1.7 Dodging
 - Level 1.7 Stealth
 - Level 1.7 Spellcasting
 + Level 9.1 Conjurations
 + Level 9.5 Fire Magic
 + Level 7.5 Evocations


You had 4 spell levels left.
You knew the following spells:

 Your Spells              Type           Power      Damage    Failure   Level
a - Foxfire               Conj/Fire      100%       2x1d9     1%          1
b - Flame Wave            Conj/Fire      51%        2d10      14%         4

Your spell library contained the following spells:

 Spells                   Type           Power      Damage    Failure   Level
 Scorch                   Fire           100%       2d10      1%          2
 Conjure Flame            Conj/Fire      51%        6-21      4%          3
 Inner Flame              Hex/Fire       28%        N/A       28%         3


Dungeon Overview and Level Annotations

Branches:
Dungeon (1/1)

Annotations:
D 1 transporter


Innate Abilities, Weirdness & Mutations

You have an increased reservoir of magic. (+10% MP)
You shall have no god before yourself.
Your divine heritage dramatically boosts your attributes as you level up.


Message History

The guardian mummy hits you.
* * * LOW HITPOINT WARNING * * *
Blink to where?
Press: ? - help, Dir - move target
As you read the scroll of blinking, it crumbles to dust.
The hellwing hits you but does no damage. x2
The hellwing misses you.
The hellwing hits you but does no damage.
The death scarab bites you but does no damage.
You feel much better. The death scarab bites you!
* * * LOW HITPOINT WARNING * * *
The death scarab drains your vigour!
You feel as though you will be slow longer.
The death scarab draws strength from your injuries!
The hellwing hits you.
* * * LOW HITPOINT WARNING * * *
The hellwing hits you but does no damage.
You feel much better. The sixfirhy barely misses you.
The death scarab bites you! The death scarab drains your vigour!
You feel as though you will be slow longer.
The death scarab draws strength from your injuries!
The sixfirhy closely misses you.
The sixfirhy hits you but does no damage. x2
The mummy priest hits you but does no damage.
The death scarab bites you!!
* * * LOW HITPOINT WARNING * * *
The death scarab drains your vigour!
You feel as though you will be slow longer.
The death scarab draws strength from your injuries!
The mummy priest hits you but does no damage.
You feel much better.
You carefully extract the barbed spikes from your body.
The death scarab bites you! The death scarab drains your vigour!
You feel as though you will be slow longer.
The death scarab draws strength from your injuries!
The death scarab bites you! The death scarab drains your vigour!
You feel as though you will be slow longer.
The death scarab draws strength from your injuries!
The death scarab bites you!!
You die...

▓.8©8.▓.8©8.▓.8©8.▓
▓.})).▓..)|.▓.....▓
▓..[..▓.....▓.....▓
▓.†...▓.....▓.....▓
▓.....▓.....▓.....▓
▓..†..▓.....▓..©..▓
▓..©..▓..©..▓▓▓▓▓▓▓
▓▓▓▓▓▓▓▓▓▓▓▓▓▓▓▓▓▓▓
▓..8©8...▓..8@8...▓
▓..|.[...▓.4M3B4..▓
▓...}....▓..WM)...▓
▓........▓..MM....▓
▓........▓........▓
▓.▓....▓.▓.▓....▓.▓
▓...©....▓...©....▓
▓▓▓▓▓▓▓▓▓▓▓▓▓▓▓▓▓▓▓


You could see a mummy priest, a hellwing (summoned), 2 guardian mummies, an ice
devil (summoned), a freezing wraith (summoned), a sixfirhy (summoned), a death
scarab and a mummy.

Vanquished Creatures
  A worldbinder (D)
  A tarantella (D)
  A jumping spider (D)
  A flying skull (D)
  A golden eye (D)
  2 scorpions (D)
  A quasit (D)
  A white imp (D)
  A bat zombie (D)
  An endoplasm (D)
  A ball python zombie (D)
  A quokka zombie (D)
13 creatures vanquished.

Notes
Turn   | Place    | Note
-------+----------+-------------------------------------------
     0 | D        | Zeldest the Demigod Fire Elementalist began the quest for
                  | the Orb.
     0 | D        | Reached XP level 1. HP: 14/14 MP: 5/5
    12 | D        | Found the +6 Majin-Bo {vamp, MP+6 Int+6}
    12 | D        | Found the +9 heavy crossbow "Sniper" {vorpal, Acc+∞ SInv}
    12 | D        | Found the +10 dark maul {vorpal}
    12 | D        | Found the +15 Maxwell's patent armour {-Cast -Tele rElec
                  | Will+ rCorr}
    12 | D        | Found the +18 shield of the Gong {rElec rN+ Will+ EV-5}
    12 | D        | Found the +14 obsidian axe {vorpal, Mesm Drain Fly SInv}
    12 | D        | Found the +7 great mace "Firestarter" {inner flame, rF++}
    12 | D        | Found the +6 shillelagh "Devastator" {shatter}
    12 | D        | Found the +11 plutonium sword {Contam Stlth-}
    12 | D        | Found the +8 lance "Wyrmbane" {slay drac, rPois rF+ rC+
                  | AC+3}
    12 | D        | Found the +9 sword of Zonguldrok {reap}
    12 | D        | Found the +13 scythe of Curses {drain, Drain}
    12 | D        | Found the +5 sword of Power {vorpal}
    12 | D        | Found the +7 mace of Variability {chain chaos}
    12 | D        | Found the +7 Singing Sword {vorpal, sonic wave}
    12 | D        | Found the +8 storm bow {elec, penet}
    17 | D        | Found a transporter.
    26 | D        | Reached skill level 5 in Fire Magic
    26 | D        | Reached XP level 2. HP: 20/20 MP: 7/7
    39 | D        | Entered arena 2.
    39 | D        | Noticed a golden eye
    39 | D        | Found a transporter.
    66 | D        | Killed a golden eye
    67 | D        | Reached XP level 3. HP: 33/33 MP: 8/8
    67 | D        | Reached XP level 4. HP: 40/40 MP: 9/9
    69 | D        | Got the +11 dagger "Daeh" {vamp, +Blink rPois}
    72 | D        | Entered arena 3.
    72 | D        | Noticed a worldbinder
    72 | D        | Found a transporter.
    74 | D        | Noticed a brown very ugly thing
    75 | D        | Killed a worldbinder
    76 | D        | Reached skill level 5 in Fighting
    76 | D        | Reached skill level 5 in Evocations
    76 | D        | Reached XP level 5. HP: 47/50 MP: 10/10
    76 | D        | Reached XP level 6. HP: 54/57 MP: 11/11
    86 | D        | Entered arena 4.
    86 | D        | Noticed a tarantella
    86 | D        | Noticed a jumping spider
    86 | D        | Found a transporter.
    91 | D        | Killed a tarantella
    92 | D        | Reached XP level 7. HP: 64/64 MP: 12/12
    92 | D        | Killed a jumping spider
   115 | D        | Learned a level 4 spell: Flame Wave
   115 | D        | Entered arena 5.
   115 | D        | Noticed a flying skull
   115 | D        | Found a transporter.
   124 | D        | Killed a flying skull
   125 | D        | Reached skill level 1 in Armour
   132 | D        | Entered arena 6.
   132 | D        | Noticed a guardian mummy
   132 | D        | Noticed a death scarab
   132 | D        | Noticed a mummy priest
   132 | D        | Noticed a guardian mummy
   132 | D        | Found a transporter.
   133 | D        | Noticed a red devil
   134 | D        | Noticed a freezing wraith
   136 | D        | Noticed a hellwing
   137 | D        | Noticed a sixfirhy
   137 | D        | Noticed an ice devil
   141 | D        | Slain by a death scarab

Illustrated notes

Levels and vault maps discovered:
D:        sprint_v [room_start, room_1, room_2, room_3, room_4, room_5, room_6,
          room_7, room_8, room_9, room_10, room_11, room_12, room_13, room_14,
          room_15, room_16, room_17, room_18, room_19, room_20, room_21,
          room_22, room_23, room_24, room_25, room_26, room_27]

Skill      XL: |  1  2  3  4  5  6  7 |
---------------+----------------------+-----
Conjurations   | 4 6 7 8 9 |  9.1
Fire Magic     | 5 6 8 9 |  9.5
Fighting       | 3 5 6 7 |  7.5
Evocations     | 3 5 6 7 |  7.5
Armour         | 1 |  1.4
Dodging        | |  1.7
Stealth        | |  1.7
Spellcasting   | |  1.7

Action                   |  1- 3 |  4- 6 |  7- 9 || total
-------------------------+-------+-------+-------++-------
Melee: Quarterstaff      |     4 |     1 |     4 ||     9
 Cast: Flame Wave        |       |       |     3 ||     3
Evoke: Wand              |     2 |     1 |     2 ||     5
       Lightning rod     |       |     4 |       ||     4
       Condenser vane    |       |     1 |       ||     1
  Use: Potion            |     3 |       |     3 ||     6
       Scroll            |       |       |     1 ||     1
Armor: Fire dragon scale |       |     2 |    19 ||    21
Dodge: Dodged            |       |     1 |    11 ||    12

Table legend: (Time is in decaauts)
 A = Elapsed time spent in this place.
 B = Non-inter-level travel time spent in this place.
 C = Inter-level travel time spent in this place.
 D = Time resting spent in this place.
 E = Time spent auto-exploring this place.
 F = Levels seen in this place.
 G = Mean time per level.
                   A        B        C        D        E       F      G
               +--------+--------+--------+--------+--------+-----+--------+
         Total |    144 |    144 |      0 |      0 |      0 |   1 |  144.0 |
       Dungeon |    144 |    144 |      0 |      0 |      0 |   1 |  144.0 |
               +--------+--------+--------+--------+--------+-----+--------+

Top non-repeatable levels by time:
       D: 144 daAuts
